 Dungeon Crawl Stone Soup version 0.15-a0-462-gf669498 (webtiles) character file.

1023 Infinimo the Archer (level 7, 0/43 HPs)
             Began as a High Elf Hunter on May 6, 2014.
             Was an Initiate of Cheibriados.
             Succumbed to a centaur's poison
             ... on Level 6 of the Dungeon on May 7, 2014.
             The game lasted 00:11:52 (7616 turns).

Infinimo the Archer (High Elf Hunter)               Turns: 7616, Time: 00:11:52

HP   0/43        AC  9     Str 13      XL: 7   Next: 63%
MP  12/12        EV 11     Int 17      God: Cheibriados [......]
Gold 204         SH  0     Dex 15 (17) Spells:  0 memorised,  6 levels left

rFire  . . .     SeeInvis .     n - +0 long sword
rCold  . . .     Clarity  .     a - +2 scale mail
rNeg   . . .     Conserve .     (no shield)
rPois  .         rCorr    .     (no helmet)
rElec  .         rRot     .     o - -1 cloak
SustAb . .       Spirit   .     (no gloves)
rMut   .         Warding  .     w - +0 pair of boots
Saprov . . .     Stasis   .     (no amulet)
MR     .....                    q - +4 ring of evasion
                                (no ring)

@: lethally poisoned, very slow, not resistant to hostile enchantments,
extremely unstealthy
A: no striking features
a: Bend Time, Renounce Religion


You were on level 6 of the Dungeon.
You worshipped Cheibriados.
Cheibriados was noncommittal.
You were not hungry.

You visited 2 branches of the dungeon, and saw 7 of its levels.

You collected 204 gold pieces.

Inventory:

Hand weapons
 b - a +1,+1 shortbow
 n - a +0,+0 long sword (weapon)
Missiles
 c - 45 arrows
Armour
 a - a +2 scale mail (worn)
 o - a -1 cloak (worn)
 w - a +0 pair of boots (worn)
Magical devices
 y - a wand of digging (10)
Comestibles
 f - 7 bread rations
 g - an apple
 i - a meat ration
 l - a choko
Scrolls
 e - 5 scrolls of identify
 h - a scroll of enchant armour
 j - a scroll of remove curse
 u - a scroll of recharging
 z - a scroll of blinking
Jewellery
 k - an uncursed ring of teleportation
 q - a +4 ring of evasion (right hand)
Books
 x - a book of Summonings

   Spells                             Type                      Level
   Abjuration                         Summoning                    3
   Recall                             Summoning/Translocation      3
   Shadow Creatures                   Summoning                    5
   Summon Demon                       Summoning                    5
   Summon Forest                      Summoning/Translocation      5
   Monstrous Menagerie                Summoning                    6


   Skills:
 - Level 1.0 Fighting
   Level 1.0 Short Blades
 + Level 6.3 Long Blades
 * Level 10.1 Bows
 - Level 2.1 Dodging
 - Level 1.1 Stealth


You had 6 spell levels left.
You didn't know any spells.

Dungeon Overview and Level Annotations

Branches:
Dungeon (6/15)             Temple (1/1) D:4

Altars:
Ashenzari
Cheibriados
Dithmenos
Elyvilon
Fedhas
Kikubaaqudgha
Makhleb
Nemelex Xobeh
Okawaru
Sif Muna
Trog
Vehumet
Xom
Yredelemnul
The Shining One


Message History

* * * LOW HITPOINT WARNING * * *
You feel sick.
You kill the kobold!
Cheibriados appreciates the change of pace.
* * * LOW HITPOINT WARNING * * *
You feel sick.
Things that are here:
a short sword; 3 darts; a kobold corpse
There is a lethal amount of poison in your body!
Read which item? (? for menu, Esc to quit)
Okay, then.
You aren't carrying any potions.
Read which item? (? for menu, Esc to quit)
Okay, then.
There is a lethal amount of poison in your body!
There is a lethal amount of poison in your body!
There is a lethal amount of poison in your body!
* * * LOW HITPOINT WARNING * * *
You feel sick.
You die...

. #.#
#...#
...
...
...
#.#
#.#
#.#
#@#
#.#
#.#
#.#
#.#
...
#.#
#.#
#.#


There were no monsters in sight!

Vanquished Creatures
  Grinder (D:3)
  An ogre (D:4)
  A giant frog (D:5)
  A crimson imp (D:4)
  Crazy Yiuf (D:2)
  A hound (D:3)
  2 worker ants (D:5)
  2 orc wizards (D:4)
  An iguana (D:4)
  9 adders
  A giant mite (D:1)
  3 worms
  A giant eyeball (D:5)
  5 giant geckos
  An ooze (D:3)
  8 orcs
  A ball python (D:5)
  4 giant cockroaches
  16 goblins
  8 hobgoblins
  12 jackals
  2 quokkas
  4 bats
  3 giant newts
  12 kobolds
  12 rats
113 creatures vanquished.

Notes
Turn   | Place    | Note
--------------------------------------------------------------
     0 | D:1      | Infinimo, the High Elf Hunter, began the quest for the Orb.
     0 | D:1      | Reached XP level 1. HP: 13/13 MP: 2/2
   442 | D:1      | Reached skill level 1 in Short Blades
   442 | D:1      | Reached XP level 2. HP: 1/18 MP: 3/3
  1075 | D:1      | Reached skill level 6 in Bows
  1411 | D:1      | Reached XP level 3. HP: 23/23 MP: 5/5
  2196 | D:2      | Reached skill level 7 in Bows
  2399 | D:2      | Found a bloodstained altar of Trog.
  2942 | D:2      | Noticed Crazy Yiuf
  2946 | D:2      | Reached XP level 4. HP: 20/28 MP: 7/7
  3049 | D:2      | Killed Crazy Yiuf
  3616 | D:3      | Reached skill level 8 in Bows
  4005 | D:3      | Reached XP level 5. HP: 15/33 MP: 8/8
  4360 | D:3      | Noticed Grinder
  4374 | D:3      | Paralysed by Grinder for 4 turns
  4379 | D:3      | Killed Grinder
  4379 | D:3      | Reached skill level 5 in Long Blades
  4379 | D:3      | Reached XP level 6. HP: 9/38 MP: 10/10
  5323 | D:4      | Reached skill level 9 in Bows
  5323 | D:4      | Reached XP level 7. HP: 28/43 MP: 12/12
  5611 | D:4      | Found a deep blue altar of Sif Muna.
  6146 | D:4      | Found a staircase to the Ecumenical Temple.
  6461 | Temple   | Entered the Ecumenical Temple
  6622 | Temple   | Became a worshipper of Cheibriados the Contemplative
  6785 | D:5      | Entered Level 5 of the Dungeon
  6836 | D:5      | Found an ancient bone altar of Kikubaaqudgha.
  6981 | D:5      | Paralysed by a giant eyeball for 3 turns
  7110 | D:5      | Found a burning altar of Makhleb.
  7249 | D:5      | You fall through a shaft!
  7310 | D:5      | Reached skill level 10 in Bows
  7601 | D:6      | HP: 2/43 [poisoned by a centaur]
  7608 | D:6      | HP: 1/43 [poisoned by a centaur]
  7616 | D:6      | Succumbed to a centaur's poison

Action                   |  1- 3 |  4- 6 |  7- 9 || total
-------------------------+-------+-------+-------++-------
Melee: Short sword       |   146 |    17 |       ||   163
       Glaive            |     7 |       |       ||     7
       Whip              |       |    59 |       ||    59
       Flail             |       |     4 |       ||     4
       Unarmed           |       |     1 |       ||     1
       Long sword        |       |    97 |    95 ||   192
 Fire: Shortbow          |     7 |    72 |     8 ||    87
Evoke: Wand              |       |       |     1 ||     1
  Use: Scroll            |     2 |     3 |     6 ||    11
       Potion            |       |     1 |    10 ||    11
 Stab: Sleeping          |     1 |     1 |     1 ||     3
       Distracted        |     1 |       |       ||     1
